 Dungeon Crawl Stone Soup version 0.31-a0-1183-gd88bbb8b4d (webtiles) character file.

Game seed: 18401562152238026033

45 qw the Shooter (level 3, -2/22 HPs)
             Began as a Gargoyle Hunter on Dec 11, 2023.
             Slain by a scorpion (3 damage)
             ... on level 2 of the Dungeon.
             The game lasted 00:00:26 (806 turns).

qw the Shooter (Gargoyle Hunter)                     Turns: 806, Time: 00:00:26

Health: -2/22      AC:  7    Str: 14    XL:     3   Next: 64%
Magic:  3/3        EV: 11    Int:  9    God:
Gold:   95         SH:  0    Dex: 15    Spells: 2/2 levels left

rFire   . . .        a - +0 shortbow
rCold   . . .        (shield currently unavailable)
rNeg    + . .        c - +0 leather armour
rPois   inf          (no helmet)
rElec   +            (no cloak)
rCorr   .            (no gloves)
SInv    .            f - +0 pair of boots
Will    .....        (no amulet)
Stlth   ++           (no ring)
HPRegen 0.23/turn    (no ring)
MPRegen 0.08/turn

%: no passive effects
@: no status effects
A: sickness immunity, AC +3, negative energy resistance 1, electricity
resistance, torment resistance 1, petrification resistance
a: no special abilities


You were on level 2 of the Dungeon.
You visited 1 branch of the dungeon, and saw 2 of its levels.

You collected 95 gold pieces.


Innate Abilities, Weirdness & Mutations

You are immune to sickness and miasma.
Your stone body is resilient. (AC +3)
You are immune to poison.
You resist negative energy. (rN+)
You are resistant to electric shocks. (rElec)
You are resistant to unholy torment.
You are immune to petrification.


   Skills:
 + Level 2.8 Fighting
 - Level 5.0 Ranged Weapons
 - Level 1.5 Dodging
 - Level 1.1 Stealth


You had 2 spell levels left.
You didn't know any spells.
Your spell library was empty.

Inventory:

Hand Weapons
 a - a +0 shortbow (weapon)
Armour
 c - a +0 leather armour (worn)
 f - a +0 pair of boots (worn)
Scrolls
 e - 2 scrolls of identify
Potions
 g - a potion of curing

Dungeon Overview and Level Annotations

Branches:
Dungeon (2/15)

Altars:


Message History

A giant cockroach comes into view.
You shoot an arrow. The arrow hits the giant cockroach.
You kill the giant cockroach!
You shoot an arrow. The arrow closely misses the scorpion.
The scorpion misses you.
You shoot an arrow. The arrow closely misses the scorpion.
The scorpion completely misses you.
The scorpion stings you but does no damage.
You shoot an arrow.
The arrow hits the scorpion but does no damage.
The scorpion is moderately wounded.
The scorpion barely misses you.
You shoot an arrow. The arrow barely misses the scorpion.
The scorpion misses you.
You shoot an arrow. The arrow closely misses the scorpion.
The scorpion stings you. The scorpion barely misses you.
You shoot an arrow. The arrow closely misses the scorpion.
The scorpion stings you.
You shoot an arrow. The arrow closely misses the scorpion.
The scorpion stings you but does no damage.
The scorpion stings you.
You shoot an arrow.
The arrow hits the scorpion but does no damage.
The scorpion is moderately wounded.
The scorpion stings you.
You shoot an arrow. The arrow hits the scorpion.
The scorpion is moderately wounded.
The scorpion stings you.
The scorpion stings you but does no damage.
You shoot an arrow. The arrow hits the scorpion!
The scorpion is almost dead.
The scorpion stings you.
You shoot an arrow. The arrow barely misses the scorpion.
The scorpion barely misses you.
The scorpion stings you but does no damage.
You shoot an arrow. The arrow barely misses the scorpion.
The scorpion stings you but does no damage.
You shoot an arrow. The arrow closely misses the scorpion.
The scorpion stings you.
You die...

#.##...##.#####........#....
#.###.###.### ##.....#...###
#.# #.......# ##...######
#.# #####.#.# ##.##
#%#######.#.# #.#
#.........#.# #.# ####
###########.# #+# #... #.#
#.## #@# # #s# # ## ...
##.#. ..... +.... ...#.#.
##.#. #.## #### ## #. # 7
777# 7.7...


You could see a scorpion.

Vanquished Creatures
  5 dart slugs
  2 endoplasms (D:1)
  2 giant cockroaches
  2 hobgoblins
  8 jackals
  3 quokkas (D:1)
  2 ball pythons (D:1)
  2 frilled lizards
  2 kobolds (D:1)
  3 rats
31 creatures vanquished.

Notes
Turn   | Place    | Note
-------+----------+-------------------------------------------
     0 | D:1      | qw the Gargoyle Hunter began the quest for the Orb.
     0 | D:1      | Reached XP level 1. HP: 12/12 MP: 1/1
     0 | D:1      | 0 ||| qw: Version: 0.3-a-106-g2cfff9e
     0 | D:1      | 0 ||| qw: Game counter: 2120
     0 | D:1      | 0 ||| qw: Melee chars always use a shield: true
     0 | D:1      | 0 ||| qw: God list: Okawaru
     0 | D:1      | 0 ||| qw: Allow faded altars: false
     0 | D:1      | 0 ||| qw: Do Orc after clearing Dungeon:15 true
     0 | D:1      | 0 ||| qw: Do second Lair branch before Depths: true
     0 | D:1      | 0 ||| qw: Lair rune preference: random
     0 | D:1      | 0 ||| qw: Goals: Normal, Save, Zot:1-4, Win
     0 | D:1      | 0 ||| PLANNING D:1-11
    97 | D:1      | 97 ||| Stepping ~*~*~tactically~*~*~ (retreating).
   100 | D:1      | Reached XP level 2. HP: 15/17 MP: 2/2
   267 | D:1      | Reached XP level 3. HP: 21/21 MP: 3/3
   281 | D:1      | Found a faded altar of an unknown god.
   297 | D:1      | Reached skill level 5 in Ranged Weapons
   516 | D:1      | 516 ||| UPGRADING to +0 pair of boots.
   521 | D:1      | 521 ||| READING 5 scrolls labelled IQAEPR KAKOUST.
   521 | D:1      | 521 ||| IDENTIFYING orange potion
   522 | D:1      | 522 ||| READING 4 scrolls of identify.
   522 | D:1      | 522 ||| IDENTIFYING fuming golden potion
   523 | D:1      | 523 ||| READING 3 scrolls of identify.
   523 | D:1      | 523 ||| IDENTIFYING scroll labelled BEIKIB BEFUNIU
   524 | D:1      | 524 ||| DROPPING scroll of butterflies.
   525 | D:1      | 525 ||| DROPPING potion of invisibility.
   526 | D:1      | 526 ||| DROPPING scroll of revelation.
   790 | D:2      | Noticed a scorpion
   802 | D:2      | HP: 2/22 [scorpion (6)]
   806 | D:2      | Slain by a scorpion

Levels and vault maps discovered:
D:1:      dpeg_arrival_connections, layout_rooms, shapermc_ecumenical_altar_gd,
          minmay_misc_feat_diagonals, minmay_misc_feat_pillars
D:2:      layout_loops_corners, uniq_crazy_yiuf_cottage

Skill      XL: |  1  2  3 |
---------------+----------+-----
Ranged Weapons | 5 |  5.0
Fighting       | |  2.8
Dodging        | |  1.5
Stealth        | |  1.1

Action                     || total
---------------------------++-------
   Fire: Shortbow          ||   112
    Use: Scroll            ||     3
 Armour: Leather armour    ||    44
  Dodge: Dodged            ||    30

Table legend:
 A = Non-vault XP
 B = Vault XP
 C = Vault XP percentage of total XP
 D = Non-vault monster count
 E = Vault monster count
 F = Vault count percentage of total count
                 A         B        C        D         E       F
            +---------+---------+-------+---------+---------+-------
      Total |      65 |       0 |   0.0 |      31 |       0 |   0.0
            +---------+---------+-------+---------+---------+-------
        D:1 |      47 |       0 |   0.0 |      22 |       0 |   0.0
        D:2 |      18 |       0 |   0.0 |       9 |       0 |   0.0
            +---------+---------+-------+---------+---------+-------
